 Dungeon Crawl Stone Soup version 0.22-a0-470-g522be1c (webtiles) character file.

1414 stealthycow the Ruffian (level 8, -4/118 HPs)
             Began as a Troll Berserker on June 14, 2018.
             Was a Priest of Trog.
             Slain by a wight
             ... wielding a +0 flail
              (8 damage)
             ... on level 6 of the Dungeon.
             The game lasted 00:21:28 (5425 turns).

stealthycow the Ruffian (Troll Berserker)           Turns: 5425, Time: 00:21:29

Health: -4/118     AC:  5    Str: 33    XL:     8   Next: 43%
Magic:  7/7        EV:  8    Int:  3    God:    Trog [***...]
Gold:   238        SH:  8    Dex:  9    Spells: 7/7 levels left

rFire    . . .     SeeInvis .     - Unarmed
rCold    . . .     Gourm    +   D - +0 shield
rNeg     . . .     Faith    .   a - +0 animal skin
rPois    +         Spirit   .   (helmet restricted)
rElec    .         Reflect  .   A - scarf {repulsion}
rCorr    .         Harm     .   (gloves unavailable)
MR       ++...                  (boots unavailable)
Stlth    ..........             (no amulet)
HPRegen  1.69/turn              y - +1 ring of evasion
MPRegen  0.10/turn              B - ring of poison resistance

@: berserking, regenerating, heavily drained, repel missiles, very quick
A: large, unfitting armour, claws 3, fast metabolism 3, gourmand, regeneration
1, shaggy fur 1, tough skin 2
a: Berserk, Trog's Hand, Renounce Religion


You were on level 6 of the Dungeon.
You worshipped Trog.
Trog was most pleased with you.
You were not hungry.

You visited 1 branch of the dungeon, and saw 7 of its levels.
You also visited: Sewer.

You collected 271 gold pieces.
You spent 33 gold pieces at shops.

Inventory:

Hand Weapons
 i - a +1 mace of draining
Missiles
 o - 6 javelins
 q - 5 large rocks (quivered)
 x - a throwing net
Armour
 a - a +0 animal skin (worn)
 A - a scarf of repulsion (worn)
 D - a +0 shield (worn)
Jewellery
 y - a +1 ring of evasion (left claw)
 B - a ring of poison resistance (right claw)
 E - an uncursed ring of flight {unknown}
Wands
 z - a wand of disintegration (27)
Scrolls
 d - 11 scrolls of identify {unknown}
 e - a scroll of fog {unknown}
 h - 4 scrolls of remove curse {unknown}
 j - a scroll of noise {unknown}
 k - a scroll of magic mapping {unknown}
 m - 3 scrolls of teleportation {unknown}
 p - a scroll of enchant weapon {unknown}
 t - a scroll of blinking {unknown}
 v - 3 scrolls of amnesia {unknown}
 C - a scroll of torment {unknown}
Potions
 c - 3 potions of brilliance {unknown}
 f - 3 potions of resistance {unknown}
 g - a potion of haste {unknown}
 l - a potion of cancellation {unknown}
 n - 4 potions of curing {unknown}
 r - a potion of ambrosia {unknown}
 s - 2 potions of magic {unknown}
 u - 3 potions of heal wounds {unknown}
 w - 2 potions of flight {unknown}
 F - 2 potions of berserk rage {unknown}
Comestibles
 b - 6 rations


   Skills:
 + Level 4.5(2.8) Fighting
 + Level 3.7(2.0) Throwing
 + Level 4.5(2.8) Dodging
 * Level 7.4(5.5) Unarmed Combat


You had 7 spell levels left.
You didn't know any spells.
Your spell library was empty.

Dungeon Overview and Level Annotations

Branches:
Dungeon (7/15)             Temple (0/1) D:6

Altars:
Nemelex Xobeh
Trog

Shops:
D:4 =:*}!   D:5 %


Innate Abilities, Weirdness & Mutations

You are too large for most types of armour.
You have claws for hands.
Your metabolism is lightning-fast.
You like to eat raw meat.
Your natural rate of healing is unusually fast.
You are covered in fur. (AC +1)
You have very tough skin. (AC +2)


Message History

You can't go down here!
The hound barks!
The wight barely misses you. The wight hits you but does no damage.
You block the wight's attack.
You climb upwards.
There is a stone staircase leading down here.
Your skin crawls.
You feel resistant to hostile enchantments.
You feel quite a bit more hungry. You block the wight's attack.
The wight hits you with a flail!
* * * LOW HITPOINT WARNING * * *
A red film seems to cover your vision as you go berserk!
You feel yourself moving faster!
You feel mighty!
You feel quite a bit more hungry. The wight closely misses you.
The wight hits you with a flail.
* * * LOW HITPOINT WARNING * * *
You closely miss the wight. The wight hits you with a short sword.
* * * LOW HITPOINT WARNING * * *
You scratch the wight but do no damage. The wight hits you with a flail!
You die...

......# #.#.#.## #####.#
#.#.#.# #.# #...#.# #.#
###.#.# #####.# #.....#
......# #.#.### ####..#
##.#.##
####..##############.....#
...#...........z@zz......#
##.#.###############...#.#
#.#..# ##.##.# #.##.#
#.##.# #.##.# ######.##.#
#.##.# #######.........#
#.##.# #..>.........####
#.##.# #.#####.######
#.##.# #.# ##.##


You could see 3 wights.

Vanquished Creatures
  A sky beast (D:6)
  2 phantoms (D:4)
  2 centaurs
  Blork the orc (D:4)
  A gnoll sergeant (D:5)
  2 scorpions
  A wight (D:7)
  A howler monkey (D:6)
  5 orc priests
  A hound (D:4)
  3 orc wizards
  A bullfrog skeleton (D:5)
  3 worker ants
  A hound zombie (D:7)
  A hound skeleton (D:5)
  9 adders
  7 gnolls (D:5)
  A river rat (Sewer)
  2 shadow imps
  3 worms
  3 dart slugs
  2 leopard geckos
  13 orcs
  8 giant cockroaches
  12 goblins
  7 hobgoblins
  5 jackals
  2 quokkas (D:2)
  4 ball pythons
  4 bats
  9 frilled lizards
  9 kobolds
  15 rats
141 creatures vanquished.

Notes
Turn   | Place    | Note
-------+----------+-------------------------------------------
     0 | D:1      | stealthycow the Troll Berserker began the quest for the Orb.
     0 | D:1      | Reached XP level 1. HP: 22/22 MP: 0/0
    76 | D:1      | Reached XP level 2. HP: 26/29 MP: 1/1
   701 | D:2      | Reached ** piety under Trog
   701 | D:2      | Reached XP level 3. HP: 36/36 MP: 2/2
  1091 | D:2      | Reached skill level 4 in Unarmed Combat
  1234 | D:2      | Reached XP level 4. HP: 26/44 MP: 3/3
  1532 | D:3      | Found a glowing drain.
  1551 | Sewer    | Entered a sewer
  1680 | Sewer    | Reached *** piety under Trog
  1941 | D:3      | Reached skill level 1 in Throwing
  1979 | D:3      | Found a bloodstained altar of Trog.
  2056 | D:3      | Reached XP level 5. HP: 53/53 MP: 4/4
  2172 | D:3      | You fall through a shaft for 3 floors!
  2209 | D:6      | Noticed a centaur
  2213 | D:6      | Killed a centaur
  2213 | D:6      | Reached skill level 5 in Unarmed Combat
  2247 | D:6      | Reached XP level 6. HP: 59/61 MP: 5/5
  2280 | D:6      | Noticed a sky beast
  2282 | D:5      | Entered Level 5 of the Dungeon
  2338 | D:5      | Found Pofu's Food Shoppe.
  2468 | D:4      | Reached XP level 7. HP: 52/68 MP: 6/6
  2619 | D:3      | Reached **** piety under Trog
  2773 | D:3      | Found a bloodstained altar of Trog.
  3396 | D:4      | Found Zexij's Distillery.
  3402 | D:4      | Reached skill level 6 in Unarmed Combat
  3439 | D:4      | Noticed Blork the orc
  3440 | D:4      | Found Wyraog's Assorted Antiques.
  3444 | D:4      | Killed Blork the orc
  3444 | D:4      | Received a gift from Trog
  3462 | D:4      | Found Vimno's Gadget Boutique.
  3659 | D:4      | Found Jenk's Jewellery Shop.
  3672 | D:4      | Bought a +1 ring of evasion for 33 gold pieces
  3799 | D:4      | Found Tuos's Book Emporium.
  4359 | D:5      | Reached XP level 8. HP: 68/78 MP: 7/7
  4848 | D:6      | Reached skill level 7 in Unarmed Combat
  4981 | D:6      | Found a sparkling altar of Nemelex Xobeh.
  5132 | D:6      | Found a staircase to the Ecumenical Temple.
  5423 | D:6      | HP: 5/118 [wight/flail (3)]
  5425 | D:6      | Slain by a wight

Vault maps used:
D:1:      matt_arrival_los_fun, serial_park_tiny_1
D:2:      kennysheep_the_goblin_king, uniq_crazy_yiuf_cottage
D:3:      portal_sewer_entry_a, bloody_trog
D:4:      serial_shops, nicolae_shop_trees, nicolae_shop_crystal,
          nicolae_shop_waterfront, kennysheep_mini_moat, shop, st_stairs_6,
          hangedman_decor_peaks_small, uniq_blork_the_orc
D:5:      serial_shops, shop_statue, first_ration
D:6:      nemelex_xobeh_ov_fountains_minmay, minmay_temple_entry_mist
D:7:      fountainhead, tgw_sif
Sewer:    sewer_co_cracked_pipes

Skill      XL: |  1  2  3  4  5  6  7  8 |
---------------+-------------------------+-----
Unarmed Combat | 4 5 6 7 |  7.4
Dodging        | 3 4 |  4.5
Fighting       | 3 4 |  4.5
Throwing       | 1 2 3 |  3.7

Action                   |  1- 3 |  4- 6 |  7- 9 || total
-------------------------+-------+-------+-------++-------
Melee: Unarmed           |    90 |   140 |   119 ||   349
       Punch             |       |     5 |     1 ||     6
Throw: Javelin           |     7 |     8 |     3 ||    18
       Large rock        |       |       |     5 ||     5
       Throwing net      |       |       |     1 ||     1
Invok: Berserk           |     1 |     1 |     5 ||     7
       Trog's Hand       |       |       |     1 ||     1
Evoke: Wand              |       |       |     1 ||     1
 Stab: Held in net/web   |       |     1 |       ||     1
       Sleeping          |       |       |     1 ||     1
  Eat: Chunk             |    16 |    12 |    16 ||    44
       Ration            |       |       |     3 ||     3
Armor: Animal skin       |    27 |    39 |    28 ||    94
Dodge: Dodged            |    39 |    75 |    53 ||   167
Block: Shield            |       |       |    22 ||    22

Table legend:
 A = Spawn XP
 B = Non-spawn XP
 C = Spawn XP percentage of total XP
 D = Spawn monster count
 E = Non-spawn monster count
 F = Spawn count percentage of total count
 G = Total turns spent on level
                    A         B        C        D         E        F      G
               +---------+---------+-------+---------+---------+-------+---------
         Total |       0 |    2020 |   0.0 |       0 |     141 |   0.0 |  5425
               +---------+---------+-------+---------+---------+-------+---------
           D:1 |       0 |      32 |   0.0 |       0 |      18 |   0.0 |   578
           D:2 |       0 |      65 |   0.0 |       0 |      26 |   0.0 |   809
           D:3 |       0 |     184 |   0.0 |       0 |      28 |   0.0 |  1214
           D:4 |       0 |     648 |   0.0 |       0 |      17 |   0.0 |  1081
           D:5 |       0 |     485 |   0.0 |       0 |      20 |   0.0 |   656
           D:6 |       0 |     492 |   0.0 |       0 |      12 |   0.0 |   707
           D:7 |       0 |      83 |   0.0 |       0 |       2 |   0.0 |    21
         Sewer |       0 |      31 |   0.0 |       0 |      18 |   0.0 |   359
               +---------+---------+-------+---------+---------+-------+---------
